 Dungeon Crawl Stone Soup version 0.21-a0-352-g5b8f553 (webtiles) character file.

62 tof the Chopper (level 3, -9/33 HPs)
             Began as a Minotaur Monk on Oct 10, 2017.
             Mangled by Sigmund
             ... wielding a +1 scythe of slicing
              (11 damage)
             ... on level 2 of the Dungeon.
             The game lasted 00:01:54 (891 turns).

tof the Chopper (Minotaur Monk)                      Turns: 891, Time: 00:01:55

Health: -9/33      AC:  9    Str: 15    XL:     3   Next: 85%
Magic:  2/2        EV: 12    Int:  7    God:
Gold:   64         SH:  0    Dex: 13    Spells: 2/2 levels left

rFire    . . .     SeeInvis .   a - +0 hand axe
rCold    . . .     Gourm    .   (no shield)
rNeg     . . .     Faith    .   f - +0 ring mail
rPois    +         Spirit   .   (helmet restricted)
rElec    .         Reflect  .   l - +0 cloak
rCorr    .         Harm     .   j - +2 pair of gloves
MR       .....                  (no boots)
Stlth    ..........             (no amulet)
HPRegen  0.11/turn              e - ring of loudness (curse)
MPRegen  0.08/turn              m - ring of poison resistance

@: no status effects
A: retaliatory headbutt, horns 2
a: no special abilities


You were on level 2 of the Dungeon.
You were not hungry.

You visited 1 branch of the dungeon, and saw 2 of its levels.

You collected 64 gold pieces.

Inventory:

Hand Weapons
 a - a +0 hand axe (weapon)
Armour
 f - a +0 ring mail (worn)
 j - a +2 pair of gloves (worn)
 l - a +0 cloak (worn)
Jewellery
 e - a cursed ring of loudness (left hand)
 m - a ring of poison resistance (right hand)
Scrolls
 b - 4 scrolls of enchant weapon {unknown}
 d - a scroll of blinking {unknown}
 n - a scroll of remove curse {unknown}
 o - a scroll of identify {unknown}
Potions
 g - 2 potions of curing {unknown}
 h - a potion of ambrosia {unknown}
Comestibles
 c - 2 bread rations
 i - a royal jelly


   Skills:
 + Level 4.1 Fighting
 * Level 4.7 Axes
 + Level 1.6 Armour
 + Level 3.7 Dodging
 - Level 1.5 Stealth


You had 2 spell levels left.
You didn't know any spells.

Dungeon Overview and Level Annotations

Branches:
Dungeon (2/15)

Altars:

Annotations:
D:2 Sigmund


Innate Abilities, Weirdness & Mutations

You reflexively headbutt those who attack you in melee.
You have a pair of horns on your head.


Message History

You barely miss something. Something hits you but does no damage.
You closely miss something. You headbutt something.
You hit something but do no damage. You headbutt something. Something hits you.
* * * LOW HITPOINT WARNING * * *
x2 You miss something.
Something hits you but does no damage.
You hit something. Your headbutt misses something.
Your ring mail prevents you from hitting something.
You hear some strange, mumbled words.
A puff of flame appears from out of thin air!
The puff of flame hits you!
* * * LOW HITPOINT WARNING * * *
You barely miss something. Something hits you but does no damage.
You miss something. Something hits you but does no damage.
You closely miss something. You miss something. Your headbutt misses something.
Something barely misses you.
You miss something. Your headbutt misses something.
Something hits you but does no damage.
You barely miss something. Something hits you!
You die...

#.......# #### #.......#
#..# #.......# #..#
#.......# #..####.......#
#.............#
#####..####.....{.#
...........<....@.#
........#####.....#
...............#..#
................>[#
..................#
..................#####
..........#.....#.....##
.......................##
#..##...#...............#


There were no monsters in sight!

Vanquished Creatures
  A gnoll (D:1)
  2 adders (D:2)
  A dart slug (D:2)
  3 leopard geckos
  3 bats (D:1)
  2 giant cockroaches (D:2)
  3 goblins (D:1)
  3 hobgoblins
  2 jackals (D:1)
  3 frilled lizards
  4 kobolds
  2 rats (D:1)
29 creatures vanquished.

Notes
Turn   | Place    | Note
-------+----------+-------------------------------------------
     0 | D:1      | tof the Minotaur Monk began the quest for the Orb.
     0 | D:1      | Reached XP level 1. HP: 19/19 MP: 0/0
   275 | D:1      | Reached XP level 2. HP: 27/27 MP: 1/1
   534 | D:1      | Reached skill level 1 in Armour
   536 | D:1      | Reached XP level 3. HP: 32/33 MP: 2/2
   868 | D:2      | Noticed Sigmund
   885 | D:2      | HP: 1/33 [something/puff of flame (1)]
   891 | D:2      | Mangled by Sigmund

Vault maps used:
D:1:      matt_arrival_los_fun, minivault_4
D:2:      kennysheep_another_room, uniq_sigmund

Skill      XL: |  1  2 |
---------------+-------+-----
Axes           | 4 |  4.7
Armour         | 1 |  1.6
Fighting       | 4 |  4.1
Dodging        | |  3.7
Stealth        | |  1.5

Action                   || total
-------------------------++-------
Melee: Hand axe          ||    72
       Headbutt          ||    10
Armor: Leather armour    ||     1
       Ring mail         ||    21
Dodge: Dodged            ||    52

Table legend:
 A = Spawn XP
 B = Non-spawn XP
 C = Spawn XP percentage of total XP
 D = Spawn monster count
 E = Non-spawn monster count
 F = Spawn count percentage of total count
 G = Total turns spent on level
                    A         B        C        D         E        F      G
               +---------+---------+-------+---------+---------+-------+---------
         Total |       0 |      89 |   0.0 |       0 |      29 |   0.0 |   891
               +---------+---------+-------+---------+---------+-------+---------
           D:1 |       0 |      41 |   0.0 |       0 |      17 |   0.0 |   636
           D:2 |       0 |      48 |   0.0 |       0 |      12 |   0.0 |   255
               +---------+---------+-------+---------+---------+-------+---------
